 Dungeon Crawl Stone Soup version 0.31-a0-1499-ge0622b2318 (webtiles) character file.

Game seed: 16290183723514120302

19228 jlumianski the Grappler (level 12, -2/93 HPs)
             Began as a Gnoll Shapeshifter on Dec 30, 2023.
             Was an Elder of Wu Jian.
             Killed from afar by a kobold blastminer (21 damage)
             ... with an iron shot
             ... on level 1 of the Orcish Mines.
             The game lasted 01:24:10 (14340 turns).

jlumianski the Grappler (Gnoll Shapeshifter)       Turns: 14340, Time: 01:24:10

Health: -2/93      AC: 13    Str: 23    XL:     12   Next: 66%
Magic:  21/23      EV: 19    Int: 12    God:    Wu Jian [****..]
Gold:   335        SH:  0    Dex: 11    Spells: 10/26 levels left

rFire   . .          .
                       - Unarmed
rCold   . . .        (shield currently unavailable)
rNeg    . . .        r - melded +4 scale mail
rPois   .            k - +2 helmet
rElec   .            i - +2 cloak
rCorr   .            A - +2 pair of gloves
SInv    +            F - +2 pair of boots
Will    .....        y - amulet of faith
Stlth   ++           q - +6 ring of strength
HPRegen 0.35/turn    W - ring of see invisible
MPRegen 0.18/turn

%: faith
@: flux-form, glowing
A: glow, contaminating, fangs 1, strong nose, distributed training
a: Begin Untransformation, Renounce Religion, Wall Jump, Serpent's Lash


You were on level 1 of the Orcish Mines.
You worshipped Wu Jian.
Wu Jian was greatly pleased with you.
You were something dangerously unstable.
You visited 2 branches of the dungeon, and saw 14 of its levels.

You collected 1048 gold pieces.
You spent 713 gold pieces at shops.

Inventory:

Missiles
 a - 8 poisoned darts
 f - 5 boomerangs
Armour
 i - a +2 cloak (worn)
 j - a scarf of shadows
 k - a +2 helmet (worn)
 r - a +4 scale mail (melded)
 v - a +0 tower shield
 w - a +0 troll leather armour
 A - a +2 pair of gloves (worn)
 F - a +2 pair of boots (worn)
Jewellery
 h - a +6 ring of intelligence
 q - a +6 ring of strength (left hand)
 u - a ring of resist corrosion
 y - an amulet of faith (around neck)
 B - a ring of ice
 P - an amulet of reflection
 W - a ring of see invisible (right hand)
Talismans
 d - a flux talisman (active)
Wands
 G - a wand of paralysis (4)
 J - a wand of mindburst (5)
 L - a wand of polymorph (17)
 S - a wand of flame (8)
 Y - a wand of quicksilver (8)
Scrolls
 c - a scroll of noise
 e - 2 scrolls of teleportation
 l - 2 scrolls of fear {unknown}
 m - 2 scrolls of revelation
 p - a scroll of immolation
 s - a scroll of poison {unknown}
 z - a scroll of blinking
 M - a scroll of fog
Potions
 b - 2 potions of lignification
 g - a potion of ambrosia
 n - 4 potions of haste
 o - 4 potions of curing
 t - 2 potions of enlightenment
 x - a potion of resistance
 C - 3 potions of heal wounds
 O - a potion of attraction
 U - 2 potions of might


   Skills:
 + Level 8.2 Fighting
 + Level 7.8 Short Blades
 + Level 7.8 Long Blades
 + Level 7.8 Axes
 + Level 7.8 Maces & Flails
 + Level 7.8 Polearms
 + Level 7.8 Staves
 + Level 7.8 Ranged Weapons
 + Level 7.8 Throwing
 + Level 7.8 Armour
 + Level 9.1 Dodging
 + Level 7.8 Stealth
 + Level 7.8 Shields
 + Level 10.2 Unarmed Combat
 + Level 7.8 Spellcasting
 + Level 6.4 Conjurations
 + Level 6.4 Hexes
 + Level 6.4 Summonings
 + Level 6.4 Necromancy
 + Level 6.4 Translocations
 + Level 6.4 Fire Magic
 + Level 6.4 Ice Magic
 + Level 6.4 Air Magic
 + Level 6.4 Earth Magic
 + Level 6.4 Alchemy
 + Level 8.5 Invocations
 + Level 7.8 Evocations
 + Level 9.7 Shapeshifting


You had 10 spell levels left.
You knew the following spells:

 Your Spells              Type           Power      Damage    Failure   Level
a - Confusing Touch       Hex            20%        N/A       3%          3
b - Passwall              Erth           20%        N/A       3%          3
c - Passage of Golubria   Tloc           20%        N/A       11%         4
d - Dazzling Flash        Conj/Hex       40%        N/A       3%          3
e - Volatile Blastmotes   Fire/Tloc      40%        2d13      3%          3

Your spell library contained the following spells:

 Spells                   Type           Power      Damage    Failure   Level
 Slow                     Hex            80%        N/A       1%          1
 Ensorcelled Hibernation  Hex/Ice        40%        N/A       1%          2
 Sigil of Binding         Hex            20%        N/A       3%          3
 Swiftness                Air            20%        N/A       3%          3
 Tukima's Dance           Hex            20%        N/A       3%          3
 Vampiric Draining        Necr           20%        2d7       3%          3
 Yara's Violent Unravell  Hex/Alch       10%        3d6       28%         5
 Starburst                Conj/Fire      10%        6d5       85%         6
 Maxwell's Capacitive Co  Air            10%        ∞         100%        8


Dungeon Overview and Level Annotations

Branches:
Dungeon (13/15)            Temple (0/1) D:4            Lair (0/5) D:11
    Orc (1/2) D:10
 Vaults: D:13-14

Altars:
Ashenzari
Cheibriados
Elyvilon
Gozag
Hepliaklqana
Okawaru
Ru
Uskayaw
Vehumet
Wu Jian
The Shining One

Shops:
D:2 [   D:12 [

Annotations:
D:8 Amaemon
Orc:1 1 runed translucent door


Innate Abilities, Weirdness & Mutations

You are something dangerously unstable.
You glow with magical radiation, making you easy to see and hit.
Foes you strike become dangerously contaminated with magical radiation.
You are incapable of wielding weapons or throwing items.
You have very sharp teeth.
Your uncanny sense of smell can sniff out nearby items.
Your experience applies equally to all skills.


Message History

The iron shot hits you!
The kobold blastminer is knocked back by the blast.
The kobold blastminer unwields a +0 arbalest.
The kobold blastminer misses you.
Casting: Confusing Touch (mildly dangerous; 3% risk of failure)
Confirm with . or Enter, or press ? or * to list all spells.
Your hands begin to glow red.
The kobold blastminer blasts its cannon at you.
The iron shot hits you!
* * * LOW HITPOINT WARNING * * *
The kobold blastminer is knocked back by the blast.
You lunge at the kobold blastminer.
You hit the kobold blastminer but do no damage.
The kobold blastminer appears confused.
The kobold blastminer shudders as magic cascades through it!!
The kobold blastminer twists and deforms.
You bite the kobold blastminer, but do no damage.
The kobold blastminer is almost dead.
The kobold blastminer hits you but does no damage.
You hit the kobold blastminer but do no damage.
The kobold blastminer begins to glow.
Your bite misses the kobold blastminer.
The kobold blastminer is severely wounded.
The kobold blastminer closely misses you.
The kobold blastminer misses you.
You punch the kobold blastminer!
The kobold blastminer glows dangerously bright.
You bite the kobold blastminer.
The kobold blastminer is almost dead.
The kobold blastminer misses you.
The kobold blastminer barely misses you.
You closely miss the kobold blastminer. Your bite misses the kobold blastminer.
The kobold blastminer is almost dead.
The kobold blastminer misses you.
You hit the kobold blastminer.
You kill the kobold blastminer!
The Council accepts your kill.
The kobold blastminer seems less confused.
The kobold blastminer blasts its cannon at you.
The iron shot hits you!!
You die...

....#........
....#.......
#######.#........
##.#.##...........
#.................
##.#.#..)....##+##
###..........#∆∆∆#
##..#<.)...$..##
#.....[[.....pK#
##.$#.#......#..$....
#####$.[............
#..#............
....##..#.......#
#..>..#..........##
..#.....#.......###
.. .......#....... .
.......# ...


You could see a kobold blastminer (misshapen).

Vanquished Creatures
  Fannar (Orc:1)
  A two-headed ogre (D:9)
  2 centaur warriors (D:13)
  A tengu warrior (D:9)
  2 boulder beetles
  An occultist (D:12)
  Pikel (D:5)
  A deep elf pyromancer (D:13)
  2 manticores (D:12)
  A kobold blastminer (Orc:1)
  Jeremiah (D:7)
  An unseen horror (D:12)
  3 tengu conjurers
  2 trolls
  3 shadows
  A spriggan (shapeshifter) (D:12)
  3 wraiths
  24 yaks
  2 humans (D:10)
  A vampire (D:11)
  3 vampire mosquitoes (D:11)
  Duvessa (D:6)
  2 water moccasins (D:6)
  2 acid dragons
  7 orc warriors (D:10)
  A sky beast (D:6)
  A black bear (D:8)
  2 ogres
  An ice beast (D:6)
  11 centaurs
  The ghost of tgirl the Sneak, an amateur OpEn (D:3)
  2 phantoms (D:6)
  2 kobold brigands
  Blork the orc (D:6)
  3 gnoll sergeants
  6 bullfrogs
  A scorpion (D:6)
  7 wights
  Dowan (D:6)
  3 killer bees (D:6)
  An electric eel (D:11)
  2 bombardier beetles
  A crimson imp (D:12)
  2 hounds
  A jelly (D:5)
  Crazy Yiuf (D:7)
  9 orc priests
  An iron imp (D:9)
  3 iguanas
  8 orc wizards
  20 gnolls
  8 adders
  A ribbon worm (D:4)
  A white imp (D:6)
  4 ufetubi
  A dart slug (D:3)
  56 orcs
  5 endoplasms
  7 giant cockroaches
  5 goblins
  7 hobgoblins
  14 kobolds
  4 quokkas
  2 ball pythons
  5 bats
  A frilled lizard (D:2)
  2 rats (D:2)
284 creatures vanquished.

Vanquished Creatures (others)
  A deep elf pyromancer (D:12)
  An orc wizard (D:10)
2 creatures vanquished.

Grand Total: 286 creatures vanquished

Notes
Turn   | Place    | Note
-------+----------+-------------------------------------------
     0 | D:1      | jlumianski the Gnoll Shapeshifter began the quest for the
                  | Orb.
     0 | D:1      | Reached XP level 1. HP: 17/17 MP: 1/1
     3 | D:1      | Noticed an electric eel
     4 | D:1      | Noticed an electric eel
   172 | D:2      | Reached XP level 2. HP: 19/23 MP: 2/2
   743 | D:2      | Reached XP level 3. HP: 24/28 MP: 3/3
   744 | D:2      | Found Fusepnomae's Antique Armour Shoppe.
   814 | D:2      | Reached skill level 1 in Invocations
   968 | D:2      | Reached skill level 1 in Short Blades
   968 | D:2      | Reached skill level 1 in Long Blades
   968 | D:2      | Reached skill level 1 in Axes
   968 | D:2      | Reached skill level 1 in Maces & Flails
   968 | D:2      | Reached skill level 1 in Polearms
   968 | D:2      | Reached skill level 1 in Staves
   968 | D:2      | Reached skill level 1 in Ranged Weapons
   968 | D:2      | Reached skill level 1 in Throwing
   968 | D:2      | Reached skill level 1 in Armour
   968 | D:2      | Reached skill level 1 in Stealth
   968 | D:2      | Reached skill level 1 in Shields
   968 | D:2      | Reached skill level 1 in Spellcasting
   968 | D:2      | Reached skill level 1 in Evocations
   992 | D:2      | Found a faded altar of an unknown god.
  1196 | D:3      | Reached skill level 1 in Conjurations
  1196 | D:3      | Reached skill level 1 in Hexes
  1196 | D:3      | Reached skill level 1 in Summonings
  1196 | D:3      | Reached skill level 1 in Necromancy
  1196 | D:3      | Reached skill level 1 in Translocations
  1196 | D:3      | Reached skill level 1 in Fire Magic
  1196 | D:3      | Reached skill level 1 in Ice Magic
  1196 | D:3      | Reached skill level 1 in Air Magic
  1196 | D:3      | Reached skill level 1 in Earth Magic
  1196 | D:3      | Reached skill level 1 in Alchemy
  1196 | D:3      | Reached XP level 4. HP: 31/34 MP: 5/5
  1458 | D:3      | Reached XP level 5. HP: 40/40 MP: 5/7
  1577 | D:4      | Found an ornate altar of the Wu Jian Council.
  1587 | D:4      | Noticed a lemure
  1588 | D:4      | Noticed a lemure
  1593 | D:4      | Noticed Pikel
  1596 | D:4      | Noticed a lemure
  1596 | D:4      | Noticed a lemure
  1601 | D:4      | Became a worshipper of the Wu Jian Council
  1606 | D:4      | Found a staircase to the Ecumenical Temple.
  1632 | D:3      | Found a runed translucent gate.
  1632 | D:3      | Found a runed translucent gate.
  1633 | D:3      | Found a runed translucent gate.
  1636 | D:3      | Noticed tgirl's ghost (amateur OpEn)
  2040 | D:3      | Found a radiant altar of Vehumet.
  2265 | D:3      | Killed tgirl's ghost
  2266 | D:3      | Reached skill level 5 in Dodging
  2266 | D:3      | Reached XP level 6. HP: 47/47 MP: 7/9
  2362 | D:5      | Entered Level 5 of the Dungeon
  2386 | D:5      | Killed Pikel
  2387 | D:5      | Reached skill level 7 in Unarmed Combat
  2387 | D:5      | Reached XP level 7. HP: 12/53 MP: 9/11
  2659 | D:5      | Reached * piety under Wu Jian
  2710 | D:5      | Reached XP level 8. HP: 58/60 MP: 12/12
  2840 | D:4      | Noticed a +0 hand axe
  3071 | D:4      | Found a sacrificial altar of Ru.
  3094 | D:4      | Found a hide-covered altar of Uskayaw.
  3094 | D:4      | Noticed a +0 dagger
  3552 | D:6      | Found a hazy altar of Hepliaklqana.
  3553 | D:6      | Noticed Dowan
  3567 | D:6      | Killed Dowan
  3953 | D:5      | Found a broken altar of Ashenzari.
  4127 | D:6      | Noticed Duvessa
  4138 | D:6      | Killed Duvessa
  4210 | D:2      | Bought a pair of embroidered boots for 217 gold pieces
  4384 | D:6      | Reached XP level 9. HP: 62/66 MP: 14/14
  4471 | D:6      | Reached ** piety under Wu Jian
  4607 | D:6      | Found an opulent altar of Gozag.
  4821 | D:6      | Reached skill level 5 in Fighting
  4830 | D:6      | Noticed Blork the orc
  4840 | D:6      | Killed Blork the orc
  5239 | D:7      | Reached skill level 8 in Unarmed Combat
  5495 | D:7      | Noticed Jeremiah
  5516 | D:8      | Reached skill level 5 in Invocations
  6145 | D:7      | Found a runed translucent door.
  6146 | D:7      | Noticed Crazy Yiuf
  6153 | D:7      | Killed Crazy Yiuf
  6153 | D:7      | Reached *** piety under Wu Jian
  6300 | D:7      | Killed Jeremiah
  6301 | D:7      | Reached skill level 5 in Short Blades
  6301 | D:7      | Reached skill level 5 in Long Blades
  6301 | D:7      | Reached skill level 5 in Axes
  6301 | D:7      | Reached skill level 5 in Maces & Flails
  6301 | D:7      | Reached skill level 5 in Polearms
  6301 | D:7      | Reached skill level 5 in Staves
  6301 | D:7      | Reached skill level 5 in Ranged Weapons
  6301 | D:7      | Reached skill level 5 in Throwing
  6301 | D:7      | Reached skill level 5 in Armour
  6301 | D:7      | Reached skill level 5 in Stealth
  6301 | D:7      | Reached skill level 5 in Shields
  6301 | D:7      | Reached skill level 5 in Spellcasting
  6301 | D:7      | Reached skill level 5 in Evocations
  6301 | D:7      | Reached XP level 10. HP: 14/76 MP: 17/17
  6696 | D:8      | Learned a level 3 spell: Confusing Touch
  6930 | D:9      | Noticed Amaemon
  6930 | D:9      | Noticed an orange demon
  7462 | D:9      | Found a snail-covered altar of Cheibriados.
  7718 | D:9      | Noticed a tengu warrior
  7748 | D:9      | Killed a tengu warrior
  7749 | D:9      | Reached skill level 9 in Unarmed Combat
  7749 | D:9      | Reached skill level 5 in Conjurations
  7749 | D:9      | Reached skill level 5 in Hexes
  7749 | D:9      | Reached skill level 5 in Summonings
  7749 | D:9      | Reached skill level 5 in Necromancy
  7749 | D:9      | Reached skill level 5 in Translocations
  7749 | D:9      | Reached skill level 5 in Fire Magic
  7749 | D:9      | Reached skill level 5 in Ice Magic
  7749 | D:9      | Reached skill level 5 in Air Magic
  7749 | D:9      | Reached skill level 5 in Earth Magic
  7749 | D:9      | Reached skill level 5 in Alchemy
  7953 | D:8      | Reached XP level 11. HP: 69/83 MP: 20/20
  8005 | D:9      | Reached **** piety under Wu Jian
  8508 | D:10     | Entered Level 10 of the Dungeon
  8518 | D:10     | Found an iron altar of Okawaru.
  9453 | D:10     | Found a staircase to the Orcish Mines.
  9744 | D:10     | Found a glowing golden altar of the Shining One.
  9766 | D:10     | Noticed a two-headed ogre
  9818 | D:9      | Killed a two-headed ogre
 10152 | D:10     | Found a white marble altar of Elyvilon.
 10308 | D:11     | Noticed a boulder beetle
 10392 | D:10     | Killed a boulder beetle
 10408 | D:10     | Learned a level 3 spell: Passwall
 10527 | D:11     | Found a staircase to the Lair.
 10627 | D:11     | Reached ***** piety under Wu Jian
 11348 | D:12     | Noticed a deep elf pyromancer
 11484 | D:12     | Killed a deep elf pyromancer
 11492 | D:13     | Noticed a centaur warrior
 11555 | D:12     | Found Qagec's Antique Armour Shoppe.
 11560 | D:12     | Bought a runed scarf for 256 gold pieces
 11560 | D:12     | Bought a glowing helmet for 240 gold pieces
 11620 | D:12     | Noticed a manticore
 11630 | D:12     | Killed a manticore
 11789 | D:12     | Noticed a manticore
 11796 | D:12     | Killed a manticore
 11797 | D:12     | Reached XP level 12. HP: 58/91 MP: 22/22
 11924 | D:12     | Learned a level 4 spell: Passage of Golubria
 12252 | D:12     | Noticed a boulder beetle
 12411 | D:12     | Noticed an occultist
 12420 | D:12     | Killed an occultist
 12454 | D:12     | Learned a level 3 spell: Dazzling Flash
 12458 | D:12     | Learned a level 3 spell: Volatile Blastmotes
 12540 | D:12     | Killed a boulder beetle
 12856 | D:13     | Noticed a centaur warrior
 12878 | D:13     | Killed a centaur warrior
 12879 | D:13     | Reached skill level 10 in Unarmed Combat
 13096 | D:13     | Killed a centaur warrior
 13747 | Orc:1    | Entered Level 1 of the Orcish Mines
 13747 | Orc:1    | Noticed Fannar
 13828 | Orc:1    | Killed Fannar
 14328 | Orc:1    | Found a runed translucent door.
 14340 | Orc:1    | Killed from afar by a kobold blastminer

Illustrated notes

Levels and vault maps discovered:
D:1:      arrival_aquarium_b, layout_basic, minmay_misc_feat_encased,
          minmay_strange_pillars
D:2:      layout_rooms, shapermc_ecumenical_altar_mp_highgroup, serial_shops,
          nicolae_shop_advertising_works [nicolae_subvault_shop_adworks],
          kennysheep_pointless_box, glass_columns_a
D:3:      layout_basic, mainiacjoe_overflow_24_doors, gammafunk_ghost_split
D:4:      layout_rooms, kennysheep_little_box,
          mainiacjoe_overflow_concentric_impassable, dancing_weapons_uskayaw,
          minmay_temple_entry_arrows, uniq_pikel
D:5:      layout_rooms, lemuel_doored_altar
D:6:      layout_cave_pods, nzn_hepliaklqana_mist_gate,
          nicolae_gozag_cash_rules_everything_around_me, minivault_1,
          uniq_blork_the_orc, uniq_duvessa
D:7:      layout_rooms, uniq_crazy_yiuf_cottage, uniq_jeremiah
D:8:      layout_rooms
D:9:      layout_cave_pods, slow_altar_2, kennysheep_small_spiral, uniq_amaemon
D:10:     layout_roguey, mainiacjoe_overflow_chevrons, okawaru_humans,
          mainiacjoe_overflow_alcove_2, orc_david_3
D:11:     layout_loops_ring, lair_entry_dummy, fountainhead,
          minmay_crystal_water, nzn_life_drinkers
D:12:     layout_roguey, serial_shops, nicolae_shop_trees, lightli_wizard_tower
D:13:     layout_gridville, nrook_campfire, minmay_diced_spiral, uniq_frances,
          uniq_erolcha
Orc:1:    layout_caves, special_room [special_room_kobold], ebering_ghost_xom,
          uniq_fannar

Skill      XL: |  1  2  3  4  5  6  7  8  9 10 11 12 |
---------------+-------------------------------------+-----
Invocations    | 1 2 3 4 5 6 7 8 |  8.5
Short Blades   | 1 2 3 5 6 7 |  7.8
Long Blades    | 1 2 3 5 6 7 |  7.8
Axes           | 1 2 3 5 6 7 |  7.8
Maces & Flails | 1 2 3 5 6 7 |  7.8
Polearms       | 1 2 3 5 6 7 |  7.8
Staves         | 1 2 3 5 6 7 |  7.8
Ranged Weapons | 1 2 3 5 6 7 |  7.8
Throwing       | 1 2 3 5 6 7 |  7.8
Armour         | 1 2 3 5 6 7 |  7.8
Stealth        | 1 2 3 5 6 7 |  7.8
Shields        | 1 2 3 5 6 7 |  7.8
Spellcasting   | 1 2 3 5 6 7 |  7.8
Evocations     | 1 2 3 5 6 7 |  7.8
Conjurations   | 1 2 3 4 5 6 |  6.4
Hexes          | 1 2 3 4 5 6 |  6.4
Summonings     | 1 2 3 4 5 6 |  6.4
Necromancy     | 1 2 3 4 5 6 |  6.4
Translocations | 1 2 3 4 5 6 |  6.4
Fire Magic     | 1 2 3 4 5 6 |  6.4
Ice Magic      | 1 2 3 4 5 6 |  6.4
Air Magic      | 1 2 3 4 5 6 |  6.4
Earth Magic    | 1 2 3 4 5 6 |  6.4
Alchemy        | 1 2 3 4 5 6 |  6.4
Fighting       | 3 4 5 6 7 8 |  8.2
Dodging        | 5 6 7 8 9 |  9.1
Unarmed Combat | 7 8 9 10 | 10.2
Shapeshifting  | 7 8 9 |  9.7

Action                     |  1- 3 |  4- 6 |  7- 9 | 10-12 || total
---------------------------+-------+-------+-------+-------++-------
  Melee: Unarmed           |    67 |    91 |   325 |   653 ||  1136
         Bite              |     2 |     5 |    34 |   106 ||   147
         Punch             |     4 |     1 |     3 |       ||     8
  Throw: Boomerang         |       |       |     2 |       ||     2
   Cast: Confusing Touch   |       |       |       |    20 ||    20
         Passage of Golubr |       |       |       |     5 ||     5
         Dazzling Flash    |       |       |       |     1 ||     1
         Volatile Blastmot |       |       |       |     1 ||     1
 Invoke: Heavenly Storm    |       |       |       |     1 ||     1
Ability: Lunge             |       |     6 |    23 |    41 ||    70
         Whirlwind         |       |       |    51 |    89 ||   140
         Wall Jump         |       |       |    32 |    63 ||    95
  Evoke: Wand              |       |       |     1 |     1 ||     2
    Use: Scroll            |       |     6 |     9 |    12 ||    27
         Potion            |       |     3 |     2 |     1 ||     6
   Stab: Distracted        |       |       |     1 |     1 ||     2
         Sleeping          |       |       |     1 |       ||     1
         Confused          |       |       |       |    20 ||    20
 Armour: Animal skin       |     4 |       |       |       ||     4
         Scale mail        |    43 |    74 |    93 |       ||   210
         Skin              |       |       |    58 |   319 ||   377
  Dodge: Dodged            |    36 |    45 |   237 |   532 ||   850
   Form: Flux              |       |       |     1 |       ||     1

Table legend: (Time is in decaauts)
 A = Elapsed time spent in this place.
 B = Non-inter-level travel time spent in this place.
 C = Inter-level travel time spent in this place.
 D = Time resting spent in this place.
 E = Time spent auto-exploring this place.
 F = Levels seen in this place.
 G = Mean time per level.
                   A        B        C        D        E       F      G
               +--------+--------+--------+--------+--------+-----+--------+
         Total |  14421 |  13964 |    457 |   2814 |   5854 |  14 | 1030.1 |
       Dungeon |  14321 |  13864 |    457 |   2814 |   5854 |  13 | 1101.6 |
  Orcish Mines |     99 |     99 |      0 |      0 |      0 |   1 |   99.0 |
               +--------+--------+--------+--------+--------+-----+--------+

Top non-repeatable levels by time:
     D:9: 1765 daAuts
    D:12: 1747 daAuts
    D:10: 1725 daAuts
     D:8: 1399 daAuts
     D:6: 1372 daAuts
    D:11: 1062 daAuts
     D:3: 992 daAuts
     D:7: 950 daAuts
     D:5: 805 daAuts
     D:4: 729 daAuts
     D:2: 666 daAuts
     D:1: 582 daAuts
    D:13: 523 daAuts
   Orc:1: 99 daAuts
